 Dungeon Sprint DCSS version 0.21.0-30-g47ce8e4 (webtiles) character file.

2396 Goblin1989 the Fighter (level 9, -3/84 HPs)
             Began as a Demonspawn Monk on Jan 28, 2018.
             Was a High Priest of Cheibriados.
             Slain by a shadow wraith (13 damage)
             ... summoned by a greater mummy
             ... in the Dungeon (Sprint V: "Ziggurat Sprint").
             The game lasted 00:11:26 (406 turns).

Goblin1989 the Fighter (Demonspawn Monk)             Turns: 406, Time: 00:11:27

Health: -3/84      AC: 25    Str: 41    XL:     9   Next: 22%
Magic:  12/17      EV:  2    Int: 26    God:    Cheibriados [*****.]
Gold:   0          SH: 32    Dex: 29    Spells: 5/8 levels left

rFire    + + .     SeeInvis .   t - +8 lance "Wyrmbane" {slay drac, rPois rF+ rC+ AC+3}
rCold    + + .     Gourm    .   o - +18 shield of the Gong {rElec rN+ MR+ EV-5}
rNeg     + + .     Faith    .   V - +5 gold dragon scales
rPois    +         Spirit   .   (helmet restricted)
rElec    +         Reflect  .   (no cloak)
rCorr    .         Harm     .   (no gloves)
MR       ++...     Clarity  +   (no boots) Stlth ..........NoTele +
                                h - amulet of the Four Winds {rN+ MR+++ Clar}
HPRegen  0.24/turn              y - +6 ring of strength
MPRegen  0.15/turn              z - +6 ring of strength

@: vulnerable, studying Fire Magic, very slow
A: antennae 2, thin metallic scales 1, demonic guardian 1, foul stench 1, rot
immunity
a: Bend Time, Temporal Distortion, Slouch, Step From Time, Renounce Religion


You were in the Dungeon.
You worshipped Cheibriados.
Cheibriados was extremely pleased with you.
You were full.

You visited 1 branch

Inventory:

Hand Weapons
 i - the +7 great mace "Undeadhunter" {disrupt, rN+}
   (You found it in the Dungeon)

   It protects you from negative energy.
 q - the +6 Majin-Bo {vamp, Archmagi MP+6 Int+6}
   (You found it in the Dungeon)

   It inflicts no extra harm, but heals its wielder when it wounds a living foe.
   It affects your intelligence (+6).
   It affects your magic capacity (+6).
 r - the +7 Singing Sword
   (You found it in the Dungeon)
 s - the +0 sword of Power
   (You found it in the Dungeon)
 t - the +8 lance "Wyrmbane" (weapon) {slay drac, rPois rF+ rC+ AC+3}
   (You found it in the Dungeon)

   It affects your AC (+3).
   It protects you from fire.
   It protects you from cold.
   It protects you from poison.
 u - the +11 plutonium sword {*Contam Stlth-}
   (You found it in the Dungeon)

   It causes magical contamination when unequipped.
   It makes you less stealthy.
 v - the +6 shillelagh "Devastator" {shatter}
   (You found it in the Dungeon)
 w - a +6 blowgun {@w1}
 L - a +5 lajatang
Armour
 o - the +18 shield of the Gong (worn) {rElec rN+ MR+ EV-5}
   (You found it in the Dungeon)

   It affects your evasion (-5).
   It insulates you from electricity.
   It protects you from negative energy.
   It affects your resistance to hostile enchantments.
 x - the +15 Maxwell's patent armour {-Cast -Tele rElec MR+ rCorr}
   (You found it in the Dungeon)

   It insulates you from electricity.
   It affects your resistance to hostile enchantments.
   It prevents spellcasting.
   It prevents most forms of teleportation.
   It protects you from acid and corrosion.
 V - +5 gold dragon scales (worn)
Magical Staves
 O - an uncursed staff of energy {@w2, !a, !d!a}
Jewellery
 h - the amulet of the Four Winds (around neck) {rN+ MR+++ Clar}
   (You found it in the Dungeon)

   [amulet of nothing]

   It protects you from negative energy.
   It affects your resistance to hostile enchantments.
   It protects you against confusion.
 m - the ring of Scepticism {rN++ AC+4}
   (You found it in the Dungeon)

   [ring of protection]

   It affects your AC (+4).
   It greatly protects you from negative energy.
 y - a +6 ring of strength (left hand)
 z - a +6 ring of strength (right hand)
 F - an uncursed amulet of the gourmand
 J - a +6 ring of intelligence
 K - a +6 ring of intelligence
 M - a +6 ring of dexterity
 N - a +6 ring of dexterity
Wands
 A - a wand of acid (7)
 I - a wand of iceblast (7)
 P - a wand of disintegration (7)
Scrolls
 l - a scroll of brand weapon
 B - 4 scrolls of blinking
 Q - 7 scrolls of fog
 R - 5 scrolls of identify {@r1}
 S - 5 scrolls of remove curse {@r2}
 T - 2 scrolls of fear
 U - 4 scrolls of amnesia
Potions
 c - 10 potions of curing {@q1}
 d - 9 potions of heal wounds {@q2, !q}
 f - 5 potions of magic
 C - 2 potions of brilliance
 D - 2 potions of invisibility
 E - 4 potions of resistance
 G - 3 potions of agility
 H - 3 potions of might
Books
 n - a manual of Fire Magic
Miscellaneous
 j - a box of beasts
 k - a phantom mirror
Comestibles
 e - 6 rations


   Skills:
 + Level 12.9 Fighting
 + Level 5.7 Armour
 - Level 2.6 Dodging
 - Level 1.7 Stealth
 + Level 5.7 Shields
 - Level 10.7 Unarmed Combat
 * Level 11.6 Invocations


You had 5 spell levels left.
You knew the following spells:

 Your Spells              Type           Power        Failure   Level  Hunger
R - Regeneration          Chrm/Necr      #.........   100%        3    ####...


Dungeon Overview and Level Annotations

Branches:
Dungeon (1/1)

Altars:
Ashenzari
Cheibriados
Dithmenos
Elyvilon
Fedhas
Gozag
Hepliaklqana
Kikubaaqudgha
Makhleb
Nemelex Xobeh
Okawaru
Qazlal
Ru
Sif Muna
Trog
Uskayaw
Vehumet
Wu Jian
Xom
Yredelemnul
Zin
The Shining One
Beogh
Jiyva
Lugonu

Annotations:
D 1 transporter


Innate Abilities, Weirdness & Mutations

You have a pair of antennae on your head.
You are partially covered in thin metallic scales. (AC +2)
A weak demonic guardian rushes to your aid.
You may emit foul miasma when damaged in melee.
You are immune to rotting.


Message History

The jiangshi claws you but does no damage.
You block the phantasmal warrior's attack.
GONNNNG!
You take 43 damage, and have 37/84 hp.
MASSIVE DAMAGE!!
You now have 12/17 mp.
Unknown command.
Unknown command.
You can feel time thicken for a moment.
You destroy the jiangshi!
You destroy the guardian mummy!
Cheibriados appreciates the change of pace.
You feel extremely nervous for a moment...
You are engulfed in negative energy!
You partially resist.
You feel drained.
Your life force feels restored.
Your Invocations skill increases to level 11!
You feel somewhat less full.
Cheibriados lowers the support of your attributes as your movement quickens.
The greater mummy casts a spell.
You block the mummy's attack.
GONNNNG!
You block the phantasmal warrior's attack.
GONNNNG!
You now have 7/17 mp.
Unknown command.
Unknown command.
Unknown command.
Unknown command.
Really harm your ufetubus?
Okay, then.
Unknown command.
Really harm your ufetubus?
You can feel time thicken for a moment.
You destroy the phantasmal warrior!
You kill your ufetubus!
You feel somewhat less full.
Cheibriados lowers the support of your attributes as your movement quickens.
You block the greater mummy's attack.
GONNNNG!
You block the mummy's attack.
GONNNNG!
Something hits you!
* * * LOW HITPOINT WARNING * * *
Deactivating autopickup; reactivate with Ctrl-A.
You take 8 damage, and have 29/84 hp.
You now have 3/17 mp.
Unknown command.
Unknown command.
Unknown command.
Unknown command.
You don't have enough magic at the moment.
Unknown command.
Unknown command.
Unknown command.
You puncture the mummy!
You destroy the mummy!
Cheibriados appreciates the change of pace.
Cheibriados raises the support of your attributes as your movement slows.
You block the mummy's attack.
PANG!
You block the mummy's attack.
GONNNNG!
Something completely misses you. You block the mummy's attack.
SHROANNG!
You puncture the greater mummy!
The greater mummy is heavily damaged.
You block the greater mummy's attack.
GONNNNG!
Something hits you but does no damage. You block the freezing wraith's attack.
BONNNG!
You block the freezing wraith's attack.
GONNNNG!
The mummy hits you.
* * * LOW HITPOINT WARNING * * *
You block the mummy's attack.
PANG!
The greater mummy hits you but does no damage.
The mummy hits you but does no damage. The mummy hits you.
* * * LOW HITPOINT WARNING * * *
You take 3 damage, and have 27/84 hp.
Magic courses through your body. You block something's attack.
BONNNG!
You block the freezing wraith's attack.
PTOANNNG!
You block the freezing wraith's attack.
BONNNG!
The mummy hits you.
* * * LOW HITPOINT WARNING * * *
The greater mummy hits you!
* * * LOW HITPOINT WARNING * * *
You take 17 damage, and have 10/84 hp.
MASSIVE DAMAGE!!
MP restored: 17 Unknown command.
You can feel time thicken for a moment.
You destroy the mummy!
Cheibriados appreciates the change of pace.
You destroy the mummy!
Cheibriados appreciates the change of pace.
You destroy the mummy!
Cheibriados appreciates the change of pace.
Cheibriados raises the support of your attributes as your movement slows.
You feel somewhat less full.
Cheibriados lowers the support of your attributes as your movement quickens.
Something hits you!
You die...

▓...©....▓...©....▓
▓▓▓▓▓▓▓▓▓▓▓▓▓▓▓▓▓▓▓
▓...8©8...▓..8©8..▓
▓..[)!:...▓..}.}..▓
▓...}))...▓..")}..▓
▓.........▓.......▓
▓....M....▓.......▓
▓....MW...▓.......▓
▓....@{...▓.......▓
▓.▓..MM†▓.▓.▓...▓.▓
▓....©....▓...©...▓
▓▓▓▓▓▓▓▓▓▓▓▓▓▓▓▓▓▓▓
▓..8©8..▓ { {{{
▓..:|:..▓ { {
▓...|}..▓ ▓.......▓
▓.......▓


You could see a greater mummy, a freezing wraith and 3 mummies.

Vanquished Creatures
  A death scarab (D)
  2 draconians (D)
  A guardian mummy (D)
  3 hell hounds (D)
  2 necrophages (D)
  A quasit (D)
  2 iron imps (D)
  2 orc wizards (D)
  An orc priest (D)
  4 mummies (D)
  2 shadow imps (D)
  A white imp (D)
  4 ufetubi (D)
  An adder zombie (D)
  An adder skeleton (D)
  An orc (D)
  A bat skeleton (D)
  A giant cockroach zombie (D)
  A leopard gecko zombie (D)
32 creatures vanquished.

Vanquished Creatures (collateral kills)
  A fire elemental (D)
  A bat skeleton (D)
2 creatures vanquished.

Vanquished Creatures (others)
  A spatial maelstrom (D)
  2 fire vortices (D)
3 creatures vanquished.

Grand Total: 37 creatures vanquished

Notes
Turn   | Place    | Note
-------+----------+-------------------------------------------
     0 | D        | Found the +6 Majin-Bo {vamp, Archmagi MP+6 Int+6}
     0 | D        | Found the +7 great mace "Firestarter" {inner flame, rF++}
     0 | D        | Goblin1989 the Demonspawn Monk began the quest for the Orb.
     0 | D        | Reached XP level 1. HP: 18/18 MP: 1/1
     0 | D        | Found a deep blue altar of Sif Muna.
     0 | D        | Found a bloodstained altar of Trog.
     0 | D        | Found a sacrificial altar of Ru.
     0 | D        | Found a stormy altar of Qazlal.
     0 | D        | Found an iron altar of Okawaru.
     1 | D        | Found a sparkling altar of Nemelex Xobeh.
     1 | D        | Found a blossoming altar of Fedhas.
     3 | D        | Found a transporter.
     3 | D        | Found an ancient bone altar of Kikubaaqudgha.
     3 | D        | Found a viscous altar of Jiyva.
     3 | D        | Found a corrupted altar of Lugonu.
     3 | D        | Found a hazy altar of Hepliaklqana.
     3 | D        | Found a burning altar of Makhleb.
     3 | D        | Found an opulent altar of Gozag.
     7 | D        | Banished a spatial maelstrom
    74 | D        | Found the +9 heavy crossbow "Sniper" {velocity, Acc+∞ SInv}
    74 | D        | Found the +10 dark maul {crush}
    74 | D        | Found the +15 Maxwell's patent armour {-Cast -Tele rElec MR+ rCorr}
    74 | D        | Found the +18 shield of the Gong {rElec rN+ MR+ EV-5}
    74 | D        | Found the cursed +14 obsidian axe {chop, +Fly SInv *Curse}
    76 | D        | Found the +6 shillelagh "Devastator" {shatter}
    76 | D        | Found the +11 plutonium sword {*Contam Stlth-}
    76 | D        | Found the +8 lance "Wyrmbane" {slay drac, rPois rF+ rC+ AC+3}
    76 | D        | Found the +9 sword of Zonguldrok {reap}
    76 | D        | Found the cursed +13 scythe of Curses {drain, *Curse}
    76 | D        | Found the +0 sword of Power
    76 | D        | Found the +7 Singing Sword
    76 | D        | Found the +7 longbow "Piercer" {penet, EV-2}
   135 | D        | Became a worshipper of Cheibriados the Contemplative
   135 | D        | Reached * piety under Cheibriados
   135 | D        | Reached ** piety under Cheibriados
   139 | D        | Reached skill level 4 in Fighting
   139 | D        | Reached skill level 5 in Invocations
   139 | D        | Gained mutation: A weak demonic guardian rushes to your aid. [demonic ancestry]
   139 | D        | Reached XP level 2. HP: 26/26 MP: 1/5
   179 | D        | Entered arena 2.
   179 | D        | Noticed a draconian
   179 | D        | Noticed a draconian
   179 | D        | Found a transporter.
   191 | D        | Killed a draconian
   191 | D        | Reached skill level 9 in Fighting
   191 | D        | Gained mutation: You have a pair of small antennae on your head. [demonic ancestry]
   191 | D        | Reached XP level 3. HP: 9/41 MP: 7/7
   191 | D        | Reached XP level 4. HP: 11/47 MP: 8/8
   191 | D        | Gained mutation: You have a pair of antennae on your head. [demonic ancestry]
   191 | D        | Reached XP level 5. HP: 12/53 MP: 9/9
   191 | D        | Gained mutation: You are immune to rotting. [demonic ancestry]
   191 | D        | Reached XP level 6. HP: 14/60 MP: 10/10
   204 | D        | Killed a draconian
   204 | D        | Reached skill level 11 in Fighting
   204 | D        | Reached skill level 10 in Unarmed Combat
   204 | D        | Gained mutation: You are partially covered in thin metallic scales. (AC +2) [demonic ancestry]
   204 | D        | Reached XP level 7. HP: 51/68 MP: 11/11
   211 | D        | Entered arena 3.
   211 | D        | Noticed a fire elemental
   211 | D        | Found a transporter.
   218 | D        | Killed a fire elemental
   218 | D        | Reached *** piety under Cheibriados
   226 | D        | Identified Sif Muna's Catalogue of Helpful Lightness (You found it in the Dungeon)
   230 | D        | Learned a level 3 spell: Regeneration
   230 | D        | Identified Sif Muna's Catalogue of Helpful Lightness (You found it in the Dungeon)
   232 | D        | Entered arena 4.
   232 | D        | Found a transporter.
   233 | D        | Found the +5 mace of Variability {chaos}
   240 | D        | Reached **** piety under Cheibriados
   252 | D        | Entered arena 5.
   252 | D        | Found a transporter.
   256 | D        | Reached ***** piety under Cheibriados
   259 | D        | Reached skill level 12 in Fighting
   259 | D        | Reached XP level 8. HP: 65/76 MP: 12/12
   274 | D        | Got the ring of Scepticism {rN++ AC+4}
   297 | D        | Entered arena 6.
   297 | D        | Found a transporter.
   303 | D        | Reached ****** piety under Cheibriados
   321 | D        | Entered arena 7.
   322 | D        | Found the +7 great mace "Undeadhunter" {disrupt, rN+}
   322 | D        | Found a transporter.
   348 | D        | Entered arena 8.
   349 | D        | Found the amulet of the Four Winds {rN+ MR+++ Clar}
   350 | D        | Found a transporter.
   394 | D        | Entered arena 9.
   394 | D        | Noticed a guardian mummy
   394 | D        | Noticed a greater mummy
   394 | D        | Noticed a death scarab
   395 | D        | Found a transporter.
   396 | D        | Noticed a freezing wraith
   396 | D        | Killed a death scarab
   396 | D        | Reached skill level 5 in Armour
   396 | D        | Reached skill level 5 in Shields
   396 | D        | Reached skill level 10 in Invocations
   396 | D        | Gained mutation: You may emit foul miasma when damaged in melee. [demonic ancestry]
   396 | D        | Reached XP level 9. HP: 84/84 MP: 14/17
   399 | D        | Noticed a jiangshi
   399 | D        | Noticed a phantasmal warrior
   401 | D        | Killed a guardian mummy
   402 | D        | Noticed a freezing wraith
   406 | D        | Slain by a shadow wraith

Skill      XL: |  1  2  3  4  5  6  7  8  9 |
---------------+----------------------------+-----
Fighting       | 4 9 11 12 | 12.9
Armour         | 2 5 |  5.7
Shields        | 2 5 |  5.7
Invocations    | 5 6 10 11 | 11.6
Unarmed Combat | 8 10 | 10.7
Dodging        | |  2.6
Stealth        | |  1.7

Action                   |  1- 3 |  4- 6 |  7- 9 || total
-------------------------+-------+-------+-------++-------
Melee: Lance             |    10 |    12 |    52 ||    74
Invok: Slouch            |       |       |     7 ||     7
  Use: Potion            |     3 |     1 |     4 ||     8
 Stab: Distracted        |       |     1 |       ||     1
  Eat: Chunk             |       |       |     2 ||     2
       Ration            |       |       |     1 ||     1
Armor: Gold dragon scale |     6 |     1 |    45 ||    52
Dodge: Dodged            |       |     1 |     2 ||     3
Block: Shield            |    12 |     9 |    94 ||   115

Vault maps used:
D:        sprint_v
